 Dungeon Crawl Stone Soup version 0.32-a0-119-g2e8054a333 (webtiles) character file.

Game seed: 7299926037631100422

6661 Newt the Fighter (level 10, -4/85 HPs)
             Began as a Demonspawn Gladiator on Feb 6, 2024.
             Slain by a yak (14 damage)
             ... on level 9 of the Dungeon.
             The game lasted 00:12:20 (11518 turns).

Newt the Fighter (Demonspawn Gladiator)            Turns: 11518, Time: 00:12:21

Health: -4/85      AC:  5    Str: 21    XL:     10   Next: 73%
Magic:  10/10      EV: 14    Int:  9    God:
Gold:   446        SH:  7    Dex: 15    Spells: 9/9 levels left

rFire   + . .        E - +1 war axe (heavy)
rCold   . . .        O - +2 buckler
rNeg    + . .        H - +1 leather armour {Will+}
rPois   .            c - +0 helmet
rElec   .            (no cloak)
rCorr   .            (no gloves)
SInv    .            (no boots)
Will    +....        h - amulet "Osmikied" {Faith Slay+4}
Stlth   ++           o - ring of Kelyng {rF+ Str+3}
HPRegen 0.34/turn    x - ring of positive energy
MPRegen 0.12/turn

%: faith
@: no status effects
A: foul stench 1, sturdy frame 2, weakness stinger 2
a: no special abilities


You were on level 9 of the Dungeon.
You visited 1 branch of the dungeon, and saw 10 of its levels.
You also visited: Ossuary.

You collected 446 gold pieces.

Inventory:

Hand Weapons
 a - a +0 rapier
 v - the +1 short sword of Slime {flame, rF+ Stlth+}
   (You found it on level 4 of the Dungeon)

   rF+:       It protects you from fire.
   Stlth+:    It makes you more stealthy.
 E - a +1 heavy war axe (weapon)
Missiles
 d - 2 throwing nets
 g - 5 atropa-tipped darts
 j - 3 boomerangs (quivered)
 q - 18 poisoned darts
 G - a curare-tipped dart
Armour
 b - a +0 leather armour
 c - a +0 helmet (worn)
 H - a +1 leather armour of willpower (worn)
 O - a +2 buckler (worn)
Jewellery
 e - a +6 ring of intelligence
 h - the amulet "Osmikied" (around neck) {Faith Slay+4}
   (You acquired it in an ossuary)

   [amulet of faith]

   Faith:     It allows you to gain divine favour quickly.
   Slay+4:    It affects your accuracy & damage with ranged weapons and melee
   (+4).
 o - the ring of Kelyng (left hand) {rF+ Str+3}
   (You found it on level 2 of the Dungeon)

   [ring of protection from fire]

   Str+3:     It affects your strength (+3).
   rF+:       It protects you from fire.
 x - a ring of positive energy (right hand)
 L - an amulet of faith
 R - an amulet of the acrobat
Wands
 t - a wand of flame (37)
 N - a wand of charming (6)
 S - a wand of quicksilver (1)
Scrolls
 i - 3 scrolls of poison
 k - 3 scrolls of teleportation
 l - 3 scrolls of blinking
 n - a scroll of enchant armour
 y - a scroll of brand weapon
 B - 4 scrolls of immolation
 C - a scroll of revelation
 F - a scroll of enchant weapon {unknown}
 K - a scroll of fear {unknown}
 M - a scroll of fog {unknown}
 Q - a scroll of amnesia {unknown}
 T - 3 scrolls of identify
Potions
 m - a potion of enlightenment
 p - a potion of magic
 r - 2 potions of ambrosia {unknown}
 s - 2 potions of degeneration {unknown}
 u - 2 potions of cancellation
 w - a potion of invisibility
 z - a potion of lignification {unknown}
 A - a potion of haste {unknown}
 D - 2 potions of heal wounds {unknown}
 I - a potion of might {unknown}
 J - a potion of mutation {unknown}
 P - 2 potions of attraction {unknown}


   Skills:
 + Level 9.9 Fighting
 - Level 3.3 Short Blades
 - Level 8.4 Axes
 - Level 4.0 Throwing
 - Level 5.2 Dodging
 - Level 2.4 Stealth
 * Level 5.7 Shields


You had 9 spell levels left.
You didn't know any spells.
Your spell library contained the following spells:

 Spells                   Type           Power      Damage    Failure   Level
 Cigotuvi's Dreadful Rot  Necr/Alch/Air  0%         N/A       58%         2
 Lesser Beckoning         Tloc           0%         N/A       58%         2
 Gell's Gravitas          Tloc           0%         N/A       82%         3
 Summon Ice Beast         Ice/Summ       0%         N/A       82%         3
 Teleport Other           Tloc           0%         N/A       82%         3
 Volatile Blastmotes      Fire/Tloc      0%         2d10      82%         3
 Dispel Undead            Necr           0%         3d6       99%         4
 Fulminant Prism          Conj/Alch      0%         3d5       99%         4
 Iskenderun's Mystic Bla  Conj/Tloc      0%         2d3       99%         4
 Martyr's Knell           Necr/Summ      0%         N/A       99%         4
 Summon Forest            Summ/Tloc      0%         N/A       100%        5
 Summon Mana Viper        Hex/Summ       0%         N/A       100%        5
 Death Channel            Necr           0%         N/A       100%        6
 Eringya's Noxious Bog    Alch           0%         4d6       100%        6
 Monstrous Menagerie      Summ           0%         N/A       100%        7
 Summon Hydra             Summ           0%         N/A       100%        7


Dungeon Overview and Level Annotations

Branches:
Dungeon (10/15)            Temple (0/1) D:5         Ossuary (visited)
   Lair: D:8-11         Orc: D:9-12

Altars:
Gozag
Makhleb
Ru
Vehumet


Innate Abilities, Weirdness & Mutations

You may rarely emit foul miasma when damaged in melee.
Your movements are less encumbered by armour. (ER -4)
You have a tail ending in a sharp stinger.


Message History

The yak gores you! The yak misses you. The yak gores you but does no damage.
The yak gores you! The yak misses you.
Unknown command.
You are too injured to fight recklessly!
Unknown command.
The yak gores you! The yak barely misses you.
There is an open door here.
Unknown command.
You slash the yak!
Your tail-slap misses the yak.
The yak is almost dead.
The yak gores you!
* * * LOW HITPOINT WARNING * * *
Unknown command.
You slash the yak!
You kill the yak!
You slash the yak! The yak gores you.
* * * LOW HITPOINT WARNING * * *
Unknown command.
Unknown command.
You hit the yak but do no damage.
The yak is severely wounded.
The yak gores you!
* * * LOW HITPOINT WARNING * * *
You block the yak's attack.
Unknown command.
Unknown command.
Unknown command.
You feel better. The yak gores you!
* * * LOW HITPOINT WARNING * * *
The yak misses you.
Unknown command.
You feel better. The yak barely misses you. The yak misses you.
Unknown command.
Okay, then.
You slice the yak!!
You kill the yak!
You slash the yak! The yak gores you.
* * * LOW HITPOINT WARNING * * *
The yak gores you!
You die...

#..# +......
#####'#####
#......
#....>รท<..#
#......
+.........+
#......
#.........#
#......
#.........#
#......
#######'###
#......
####.#
#@Y..#
##Y#####
#.Y....#
#......#
#......+
#......#
#....$.#
#......#
#......#


You could see 3 yaks.

Vanquished Creatures
  2 large abominations (D:10)
  A komodo dragon (D:9)
  4 small abominations (D:10)
  A wraith (D:10)
  6 yaks
  A steam dragon (D:6)
  An acid dragon (D:10)
  3 water moccasins
  An ice beast (D:5)
  An orc warrior (D:8)
  A black bear (D:6)
  2 sky beasts
  A centaur (D:6)
  A phantom (D:6)
  2 elf zombies (Ossuary)
  4 kobold brigands
  A gnoll sergeant (D:7)
  5 scorpions
  15 wights
  5 killer bees (D:10)
  4 howler monkeys (D:10)
  2 bombardier beetles
  A centaur zombie (Ossuary)
  A spectral bullfrog (Ossuary)
  2 hounds
  A gnoll bouda (D:7)
  An orc priest (D:5)
  4 human zombies (Ossuary)
  A jelly (D:7)
  3 iguanas (D:6)
  4 sleepcaps
  5 orc wizards
  A spectral hound (Ossuary)
  2 crocodile zombies (Ossuary)
  A scorpion simulacrum (Ossuary)
  2 mummies (Ossuary)
  9 adders
  8 gnolls (D:7)
  2 hound simulacra (Ossuary)
  2 white imps
  5 spectral adders (Ossuary)
  4 spectral gnolls (Ossuary)
  A dart slug (D:4)
  A ribbon worm (D:3)
  An adder simulacrum (Ossuary)
  17 orcs
  13 endoplasms
  4 giant cockroaches
  4 gnoll zombies (Ossuary)
  6 goblins
  7 hobgoblins
  2 jackals (D:2)
  20 kobolds
  7 quokkas
  7 ball pythons
  3 bats (D:1)
  5 frilled lizards
  4 gnoll simulacra (Ossuary)
  A jackal simulacrum (Ossuary)
  7 kobold zombies (Ossuary)
  5 orc zombies (Ossuary)
  9 rats
  A spectral jackal (Ossuary)
248 creatures vanquished.

Notes
Turn   | Place    | Note
-------+----------+-------------------------------------------
     0 | D:1      | Newt the Demonspawn Gladiator began the quest for the Orb.
     0 | D:1      | Reached XP level 1. HP: 16/16 MP: 1/1
   266 | D:1      | Gained mutation: You have a small tail. [demonic ancestry]
   266 | D:1      | Reached XP level 2. HP: 19/22 MP: 2/2
   887 | D:1      | Reached XP level 3. HP: 19/28 MP: 3/3
  1868 | D:2      | Identified the ring of Kelyng {rF+ Str+3}
  2028 | D:2      | Reached skill level 3 in Fighting
  2071 | D:2      | Found a radiant altar of Vehumet.
  2189 | D:2      | Gained mutation: You may rarely emit foul miasma when
                  | damaged in melee. [demonic ancestry]
  2189 | D:2      | Reached XP level 4. HP: 30/35 MP: 4/4
  2400 | D:3      | Found a sacrificial altar of Ru.
  2515 | D:3      | Reached XP level 5. HP: 40/41 MP: 5/5
  2896 | D:3      | Found an opulent altar of Gozag.
  3109 | D:4      | Identified the +1 short sword of Slime {flame, rF+ Stlth+}
  3464 | D:4      | Found a sand-covered staircase.
  3469 | Ossuary  | Entered an ossuary
  3732 | Ossuary  | Reached skill level 4 in Fighting
  3732 | Ossuary  | Gained mutation: You have a tail ending in a sharp stinger.
                  | [demonic ancestry]
  3732 | Ossuary  | Reached XP level 6. HP: 24/33 MP: 6/6
  4482 | Ossuary  | Gained mutation: Your movements are slightly less
                  | encumbered by armour. (ER -2) [demonic ancestry]
  4482 | Ossuary  | Reached XP level 7. HP: 21/53 MP: 7/7
  5034 | Ossuary  | Identified a scroll of acquirement
  5035 | Ossuary  | Acquired the amulet "Osmikied" {Faith Slay+4}
  5049 | Ossuary  | Reached skill level 5 in Fighting
  5051 | Ossuary  | Reached skill level 5 in Dodging
  5660 | D:5      | Entered Level 5 of the Dungeon
  5724 | D:5      | Found a burning altar of Makhleb.
  5784 | D:5      | Reached skill level 1 in Stealth
  6194 | D:5      | Reached skill level 1 in Axes
  6194 | D:5      | Reached XP level 8. HP: 62/64 MP: 8/8
  6204 | D:5      | Found a staircase to the Ecumenical Temple.
  7048 | D:6      | Reached skill level 6 in Fighting
  7521 | D:6      | Reached skill level 5 in Axes
  7525 | D:6      | Reached skill level 7 in Fighting
  7728 | D:6      | Reached XP level 9. HP: 72/72 MP: 9/9
  8679 | D:7      | Reached skill level 8 in Fighting
  9410 | D:8      | Noticed a komodo dragon
  9740 | D:9      | Killed a komodo dragon
  9994 | D:8      | Gained mutation: Your movements are less encumbered by
                  | armour. (ER -4) [demonic ancestry]
  9994 | D:8      | Reached XP level 10. HP: 67/82 MP: 10/10
 10251 | D:8      | You fall into a shaft and drop 2 floors!
 10251 | D:10     | Entered Level 10 of the Dungeon
 10260 | D:10     | Reached skill level 1 in Shields
 10263 | D:10     | Reached skill level 9 in Fighting
 10571 | D:10     | Noticed a large abomination
 10835 | D:10     | Killed a large abomination
 11043 | D:10     | Noticed a large abomination
 11051 | D:10     | Killed a large abomination
 11052 | D:10     | Reached skill level 5 in Shields
 11122 | D:10     | Noticed a large abomination
 11516 | D:9      | HP: 4/85 [yak (14)]
 11518 | D:9      | Slain by a yak

Illustrated notes

Levels and vault maps discovered:
D:1:      psy_arrival_whirlpool, layout_loops_ring, minmay_pentomino_x4
D:2:      layout_basic, basic_altar
D:3:      layout_loops_ring, mainiacjoe_overflow_catwalk_spiral
D:4:      layout_cave_pods, enter_ossuary_2
D:5:      layout_layer_cave, mainiacjoe_overflow_boulevard,
          minmay_temple_entry_mini_moons
D:6:      layout_basic
D:7:      layout_rooms, nicolae_zig_zag_zippers
D:8:      layout_loops_ring, trog_book, minitemple, due_lair_maze_entry_diamond,
          gammafunk_ghost_hive
D:9:      layout_roguey, orc_0_dummy
D:10:     layout_loops_ring, laboratory, uniq_lodul

Skill      XL: |  1  2  3  4  5  6  7  8  9 10 |
---------------+-------------------------------+-----
Short Blades   | 3 |  3.3
Throwing       | 2 3 4 |  4.0
Fighting       | 3 4 5 7 8 9 |  9.9
Dodging        | 3 4 5 |  5.2
Stealth        | 2 |  2.4
Axes           | 1 5 8 |  8.4
Shields        | 5 |  5.7

Action                     |  1- 3 |  4- 6 |  7- 9 | 10-12 || total
---------------------------+-------+-------+-------+-------++-------
  Melee: Rapier            |   174 |    59 |       |       ||   233
         Tailslap          |    15 |    34 |    33 |     5 ||    87
         Punch             |     3 |    11 |     8 |       ||    22
         Short sword       |       |   172 |    81 |       ||   253
         War axe           |       |       |   130 |    65 ||   195
  Throw: Boomerang         |       |    52 |    28 |     9 ||    89
         Javelin           |       |     2 |     1 |       ||     3
         Dart              |       |       |    12 |     8 ||    20
         Throwing net      |       |       |     3 |     1 ||     4
  Evoke: Wand              |       |       |       |     3 ||     3
    Use: Scroll            |     3 |     3 |     6 |     1 ||    13
         Potion            |     1 |     1 |     3 |     3 ||     8
   Stab: Sleeping          |     1 |     3 |     8 |       ||    12
         Distracted        |       |     1 |       |       ||     1
 Armour: Leather armour    |   106 |   140 |   153 |    53 ||   452
  Dodge: Dodged            |   108 |   156 |   144 |    57 ||   465
  Block: Buckler           |       |       |    11 |    20 ||    31

Table legend: (Time is in decaauts)
 A = Elapsed time spent in this place.
 B = Non-inter-level travel time spent in this place.
 C = Inter-level travel time spent in this place.
 D = Time resting spent in this place.
 E = Time spent auto-exploring this place.
 F = Levels seen in this place.
 G = Mean time per level.
                   A        B        C        D        E       F      G
               +--------+--------+--------+--------+--------+-----+--------+
         Total |  11647 |  11395 |    252 |   3317 |   6187 |  11 | 1058.8 |
       Dungeon |  10012 |   9760 |    252 |   2318 |   5885 |  10 | 1001.2 |
       Ossuary |   1634 |   1634 |      0 |    999 |    302 |   1 | 1634.0 |
               +--------+--------+--------+--------+--------+-----+--------+

Top non-repeatable levels by time:
 Ossuary: 1634 daAuts
     D:5: 1310 daAuts
     D:1: 1262 daAuts
     D:6: 1258 daAuts
     D:7: 1183 daAuts
    D:10: 1126 daAuts
     D:2: 1093 daAuts
     D:4: 886 daAuts
     D:3: 758 daAuts
     D:9: 724 daAuts
     D:8: 409 daAuts
